 Dungeon Crawl Stone Soup version 0.22-a0-757-gdba82d8 (webtiles) character file.

822 Hebeh the Magician (level 7, -1/36 HPs)
             Began as a Deep Elf Fire Elementalist on July 16, 2018.
             Slain by a crimson imp (4 damage)
             ... on level 5 of the Dungeon.
             The game lasted 00:19:37 (7500 turns).

Hebeh the Magician (Deep Elf Fire Elementalist)     Turns: 7500, Time: 00:19:38

Health: -1/36      AC:  4    Str:  5    XL:     7   Next: 63%
Magic:  28/28      EV: 13    Int: 22    God:
Gold:   173        SH:  0    Dex: 15    Spells: 13/19 levels left

rFire    . . .     SeeInvis .   a - +2 dagger (freeze)
rCold    . . .     Gourm    .   (no shield)
rNeg     . . .     Faith    .   n - +0 robe
rPois    .         Spirit   .   w - +1 helmet
rElec    .         Reflect  .   (no cloak)
rCorr    +         Harm     .   (no gloves)
MR       .....                  (no boots)
Stlth    ++........             (no amulet)
HPRegen  0.12/turn              j - ring of resist corrosion
MPRegen  0.21/turn              v - ring of magical power

@: no status effects
A: no striking features
a: no special abilities


You were on level 5 of the Dungeon.
You were not hungry.

You visited 1 branch of the dungeon, and saw 5 of its levels.

You collected 173 gold pieces.

Inventory:

Hand Weapons
 a - a +2 dagger of freezing (weapon)
 b - a +0 hunting sling
Missiles
 d - 80 stones (quivered)
 i - 54 arrows
 s - 34 sling bullets
 u - 2 tomahawks
Armour
 n - a +0 robe (worn)
 w - a +1 helmet (worn)
Jewellery
 j - a ring of resist corrosion (left hand)
 v - a ring of magical power (right hand)
Wands
 y - a wand of acid (4)
Scrolls
 e - 2 scrolls of amnesia {unknown}
 g - 2 scrolls of immolation {unknown}
 m - 2 scrolls of blinking {unknown}
 o - 3 scrolls of random uselessness {unknown}
 p - 4 scrolls of identify {unknown}
 q - 2 scrolls of remove curse {unknown}
 r - a scroll of enchant weapon {unknown}
Potions
 f - a potion of heal wounds {unknown}
 h - 5 potions of lignification {unknown}
 k - 2 potions of flight {unknown}
 l - a potion of cancellation {unknown}
 t - a potion of curing {unknown}
 x - 2 potions of mutation {unknown}
 A - a potion of brilliance {unknown}
 B - 2 potions of berserk rage {unknown}
Comestibles
 c - 4 rations


   Skills:
 - Level 2.4 Dodging
 - Level 2.4 Stealth
 * Level 6.7 Spellcasting
 * Level 6.1 Conjurations
 * Level 6.0 Fire Magic


You had 13 spell levels left.
You knew the following spells:

 Your Spells              Type           Power        Failure   Level  Hunger
a - Flame Tongue          Conj/Fire      ####.        1%          1    None
b - Throw Flame           Conj/Fire      ####..       1%          2    None
c - Conjure Flame         Conj/Fire      ####....     1%          3    #......

Your spell library contained the following spells:

 Spells                   Type           Power        Failure   Level  Hunger
 Fireball                 Conj/Fire      ####......   19%         5    #####..
 Sticky Flame             Conj/Fire      ####....     7%          4    ###....
 Summon Demon             Summ           #.........   93%         5    #####..
 Recall                   Summ/Tloc      N/A          26%         3    #......
 Shadow Creatures         Summ           N/A          100%        6    ######.
 Inner Flame              Hex/Fire       ###.....     8%          3    #......
 Aura of Abjuration       Summ           #.........   93%         5    #####..
 Summon Forest            Summ/Tloc      #.........   93%         5    #####..
 Summon Mana Viper        Hex/Summ       #.......     93%         5    #####..


Dungeon Overview and Level Annotations

Branches:
Dungeon (5/15)
 Temple: D:4-7

Altars:
Ru


Message History

You barely miss the crimson imp.
The crimson imp hits you but does no damage.
You hit the crimson imp but do no damage.
The crimson imp misses you.
You hit the crimson imp. You freeze the crimson imp.
The crimson imp is lightly wounded.
The crimson imp barely misses you.
You barely miss the crimson imp.
The crimson imp is lightly wounded.
The crimson imp completely misses you.
You closely miss the crimson imp. The crimson imp misses you.
You closely miss the crimson imp.
The crimson imp hits you but does no damage.
You miss the crimson imp. The crimson imp misses you.
You closely miss the crimson imp. The crimson imp hits you.
* * * LOW HITPOINT WARNING * * *
You hit the crimson imp. You freeze the crimson imp.
The crimson imp is heavily wounded.
The crimson imp hits you.
You die...

......# ..# #####.# ..#
#...# ..# #.### #.#
###.## #.. #.## .....#
#..# #..# .....# #..#
#..## .....#
#..#####...#
###'#########..#@5...#.#
#.# #.....#..#.#####.#
#.# #.....#..#.# #
#.###.....#....#
#.........##.###
#.........'..#
#.........####
#####.....# #.....#


You could see a crimson imp.

Vanquished Creatures
  Eustachio (D:4)
  An ogre (D:4)
  A scorpion (D:4)
  2 crimson imps (D:5)
  A quasit (D:4)
  5 orc wizards
  An iguana (D:5)
  Natasha (thrice) (D:2)
  A worker ant (D:4)
  A worker ant zombie (D:5)
  A gnoll (D:1)
  3 adders
  An adder skeleton (D:4)
  A worm (D:3)
  3 dart slugs (D:3)
  4 leopard geckos
  16 orcs
  8 giant cockroaches
  7 goblins
  11 hobgoblins
  9 jackals
  4 quokkas
  2 ball pythons
  7 bats
  5 frilled lizards
  12 kobolds
  A quokka skeleton (D:5)
  7 rats
119 creatures vanquished.

Notes
Turn   | Place    | Note
-------+----------+-------------------------------------------
     0 | D:1      | Hebeh the Deep Elf Fire Elementalist began the quest for the Orb.
     0 | D:1      | Reached XP level 1. HP: 10/10 MP: 6/6
   160 | D:1      | Reached XP level 2. HP: 15/15 MP: 1/8
   619 | D:1      | Reached XP level 3. HP: 19/19 MP: 8/10
  1641 | D:2      | Learned a level 2 spell: Throw Flame
  1645 | D:2      | Learned a level 3 spell: Conjure Flame
  1897 | D:2      | Found a sacrificial altar of Ru.
  2260 | D:2      | Noticed Natasha
  2265 | D:2      | Killed Natasha
  2265 | D:2      | Reached XP level 4. HP: 24/24 MP: 4/12
  2522 | D:2      | Noticed Natasha
  2526 | D:2      | Killed Natasha
  2644 | D:2      | Noticed Natasha
  2648 | D:2      | Killed Natasha
  2846 | D:2      | Found a sacrificial altar of Ru.
  3257 | D:3      | Reached XP level 5. HP: 28/28 MP: 10/13
  3775 | D:3      | Found a sacrificial altar of Ru.
  4442 | D:3      | Reached XP level 6. HP: 30/32 MP: 5/15
  5327 | D:4      | Reached skill level 5 in Spellcasting
  5480 | D:4      | Reached skill level 5 in Conjurations
  5480 | D:4      | Reached skill level 5 in Fire Magic
  6203 | D:4      | Noticed Eustachio
  6217 | D:4      | Killed Eustachio
  6217 | D:4      | Reached XP level 7. HP: 10/36 MP: 12/18
  7115 | D:5      | Entered Level 5 of the Dungeon
  7500 | D:5      | Slain by a crimson imp

Vault maps used:
D:1:      nzn_arrival_depleted_hourglass
D:2:      lemuel_coloured_pillars_altar, corexii_leaking_fountain, uniq_natasha
D:3:      st_stairs_10, nicolae_ru_great_annihilating_truth
D:4:      uniq_eustachio
D:5:      minmay_temple_entry_nine_rooms, first_ration, grunt_ministairs_1,
          uniq_grinder

Skill      XL: |  1  2  3  4  5  6  7 |
---------------+----------------------+-----
Conjurations   | 2 3 4 5 6 |  6.1
Spellcasting   | 4 6 |  6.7
Fire Magic     | 4 5 6 |  6.0
Dodging        | |  2.4
Stealth        | |  2.4

Action                   |  1- 3 |  4- 6 |  7- 9 || total
-------------------------+-------+-------+-------++-------
Melee: Dagger            |       |     4 |   111 ||   115
 Fire: Hunting sling     |    30 |    70 |       ||   100
 Cast: Flame Tongue      |    50 |   110 |    17 ||   177
       Throw Flame       |     1 |    21 |     6 ||    28
       Conjure Flame     |       |     2 |       ||     2
  Eat: Chunk             |     4 |     8 |     1 ||    13
       Ration            |       |     1 |     1 ||     2
Armor: Robe              |     1 |     8 |    31 ||    40
Dodge: Dodged            |     5 |    40 |    76 ||   121

Table legend:
 A = Spawn XP
 B = Non-spawn XP
 C = Spawn XP percentage of total XP
 D = Spawn monster count
 E = Non-spawn monster count
 F = Spawn count percentage of total count
 G = Total turns spent on level
                    A         B        C        D         E        F      G
               +---------+---------+-------+---------+---------+-------+---------
         Total |       0 |    1175 |   0.0 |       0 |     119 |   0.0 |  7500
               +---------+---------+-------+---------+---------+-------+---------
           D:1 |       0 |      53 |   0.0 |       0 |      27 |   0.0 |  1447
           D:2 |       0 |     140 |   0.0 |       0 |      15 |   0.0 |  1799
           D:3 |       0 |     214 |   0.0 |       0 |      47 |   0.0 |  1975
           D:4 |       0 |     525 |   0.0 |       0 |      19 |   0.0 |  1894
           D:5 |       0 |     243 |   0.0 |       0 |      11 |   0.0 |   385
               +---------+---------+-------+---------+---------+-------+---------
